 Dungeon Crawl Stone Soup version 0.31-a0-507-gbafd7f5274 (webtiles) character file.

Game seed: 15282159009570294509

44 oldmanjim the Changeling (level 3, -7/27 HPs)
             Began as a Merfolk Shapeshifter on Aug 9, 2023.
             Mangled by a gnoll
             ... wielding a +0 spear
              (8 damage)
             ... on level 3 of the Dungeon.
             The game lasted 00:02:40 (585 turns).

oldmanjim the Changeling (Merfolk Shapeshifter)      Turns: 585, Time: 00:02:41

Health: -7/27      AC:  2    Str: 17    XL:     3   Next: 60%
Magic:  3/3        EV: 13    Int:  7    God:
Gold:   67         SH:  0    Dex: 14    Spells: 2/2 levels left

rFire   . . .        b - +1 sling (freeze)
rCold   . . .        (no shield)
rNeg    . . .        a - +0 animal skin
rPois   .            (helmet currently unavailable)
rElec   .            (cloak currently unavailable)
rCorr   .            (gloves currently unavailable)
SInv    .            (boots currently unavailable)
Will    .....        (no amulet)
Stlth   +            (no ring)
HPRegen 0.24/turn    (no ring)
MPRegen 0.08/turn

%: no passive effects
@: beast-form, weak-willed
A: beast (slay +2), (nimble swimmer 2), mertail
a: Begin Untransformation


You were on level 3 of the Dungeon.
You were a hulking beast.
You visited 1 branch of the dungeon, and saw 3 of its levels.

You collected 67 gold pieces.

Inventory:

Hand Weapons
 b - a +1 sling of freezing (weapon)
Missiles
 h - 10 stones
Armour
 a - a +0 animal skin (worn)
Talismans
 c - a beast talisman (active)
 d - a flux talisman
Scrolls
 e - 4 scrolls of teleportation {unknown}
 j - a scroll of noise
Potions
 f - a potion of attraction {unknown}
 g - a potion of mutation {unknown}
 i - a potion of degeneration {unknown}
 l - a potion of enlightenment {unknown}
 m - a potion of lignification


   Skills:
 + Level 2.0 Fighting
 + Level 3.4 Dodging
 + Level 3.7 Unarmed Combat
 + Level 4.4 Shapeshifting


You had 2 spell levels left.
You didn't know any spells.
Your spell library was empty.

Dungeon Overview and Level Annotations

Branches:
Dungeon (2/15)

Altars:

Shops:
D:1 (


Innate Abilities, Weirdness & Mutations

You are a hulking beast.
Your limbs bulge with bestial killing power. (Slay +2)
((You are very nimble when in or above water. (Stealth+, EV+, Speed+++)))
Your lower body shifts to a powerful aquatic tail in water.


Message History

The gnoll shouts!
You shoot a sling bullet. The sling bullet hits the rat!
The sling bullet freezes the rat.
You kill the rat!
A gnoll comes into view. It is wielding a +0 spear.
You shoot a sling bullet. The sling bullet hits the gnoll!
The sling bullet freezes the gnoll.
The gnoll is severely wounded.
The gnoll hits you with a +0 club!
You shoot a sling bullet. The sling bullet hits the gnoll.
The sling bullet freezes the gnoll.
You kill the gnoll!
The gnoll hits you from afar with a +0 spear.
Your Fighting skill increases to level 2!
You shoot a sling bullet.
The sling bullet closely misses the gnoll.
You shoot a sling bullet. The sling bullet hits the gnoll!
The sling bullet freezes the gnoll.
The gnoll is severely wounded.
The gnoll misses you. x2
You shoot a sling bullet.
The sling bullet closely misses the gnoll.
The gnoll misses you.
The gnoll hits you from afar with a +0 spear!
* * * LOW HITPOINT WARNING * * *
You are too injured to fight recklessly!
You are too injured to fight recklessly!
Unknown command.
You are too injured to fight recklessly!
As you read the scroll labelled BERES MOESS, it crumbles to dust.
You hear a loud clanging noise!
It was a scroll of noise.
The gnoll hits you from afar with a +0 spear.
* * * LOW HITPOINT WARNING * * *
As you read the scroll labelled URREEF ROSH, it crumbles to dust.
Magic quickly surges around you.
It was a scroll of vulnerability.
The gnoll hits you from afar with a +0 spear.
* * * LOW HITPOINT WARNING * * *
The gnoll hits you from afar with a +0 spear!
You die...

. ###########
....####.g.......#
.....))'.g.h.....+
......?#.........#
...###.##.......##
. #. ##.....## #.
##...## #. ##+##
#. #.


You could see 2 gnolls.

Vanquished Creatures
  2 gnolls (D:3)
  A dart slug (D:1)
  2 endoplasms (D:1)
  A giant cockroach (D:2)
  4 goblins
  2 hobgoblins (D:1)
  A jackal (D:1)
  3 quokkas (D:1)
  A bat (D:1)
  4 rats
21 creatures vanquished.

Notes
Turn   | Place    | Note
-------+----------+-------------------------------------------
     0 | D:1      | oldmanjim the Merfolk Shapeshifter began the quest for the
                  | Orb.
     0 | D:1      | Reached XP level 1. HP: 15/15 MP: 1/1
   160 | D:1      | Reached XP level 2. HP: 21/21 MP: 2/2
   351 | D:1      | Found Lawazxew's Weapon Boutique.
   547 | D:2      | Reached XP level 3. HP: 27/27 MP: 3/3
   565 | D:2      | You fall into a shaft and drop 1 floor!
   585 | D:3      | HP: 1/27 [gnoll/+0 spear (6)]
   585 | D:3      | Mangled by a gnoll

Illustrated notes

Levels and vault maps discovered:
D:1:      scummos_arrival_simple_fountains, layout_rooms, serial_shops,
          nicolae_shop_stone, amethyst_killhole, minmay_tromino_v4_c
D:2:      layout_loops_cross, serial_rivers, chequers_serial_rivers_large_a,
          chequers_serial_rivers_micro_d, chequers_serial_rivers_micro_a,
          chequers_serial_rivers_room_b, chequers_serial_rivers_small_a,
          shapermc_ecumenical_altar_pompeii, minmay_tripent
D:3:      layout_loops_corners, chequers_avenue, minmay_misc_feat_doors

Skill      XL: |  1  2  3 |
---------------+----------+-----
Dodging        | 3 |  3.4
Fighting       | 2 |  2.0
Unarmed Combat | |  3.7
Shapeshifting  | |  4.4

Action                     || total
---------------------------++-------
  Melee: Unarmed           ||    32
   Fire: Sling             ||    13
    Use: Scroll            ||     2
   Stab: Sleeping          ||     1
 Armour: Animal skin       ||     3
  Dodge: Dodged            ||    23

Table legend: (Time is in decaauts)
 A = Elapsed time spent in this place.
 B = Non-inter-level travel time spent in this place.
 C = Inter-level travel time spent in this place.
 D = Time resting spent in this place.
 E = Time spent auto-exploring this place.
 F = Levels seen in this place.
 G = Mean time per level.
                   A        B        C        D        E       F      G
               +--------+--------+--------+--------+--------+-----+--------+
         Total |    577 |    552 |     25 |      0 |    441 |   3 |  192.3 |
       Dungeon |    577 |    552 |     25 |      0 |    441 |   3 |  192.3 |
               +--------+--------+--------+--------+--------+-----+--------+

Top non-repeatable levels by time:
     D:1: 493 daAuts
     D:2: 61 daAuts
     D:3: 22 daAuts
